 Dungeon Crawl Stone Soup version 0.23.1 (webtiles) character file.

Game seed: 0

99773 Thud the Thaumaturge (level 15, -10/107 HPs)
             Began as a Mummy Fire Elementalist on Mar 8, 2019.
             Was an Initiate of Gozag.
             Mangled by a wolf spider (17 damage)
             ... on level 2 of the Lair of Beasts.
             The game lasted 04:02:20 (47227 turns).

Thud the Thaumaturge (Mummy Fire Elementalist)     Turns: 47227, Time: 04:02:20

Health: -10/107    AC: 19    Str: 14    XL:     15   Next: 78%
Magic:  39/42      EV: 11    Int: 16    God:    Gozag
Gold:   1576       SH:  0    Dex: 15    Spells: 0/42 levels left

rFire    + . .     SeeInvis .   y - +7 captain's cutlass {speed, disarm}
rCold    + . .     Gourm    .   u - +2 shield of Resistance {rF+ rC+ MR+}
rNeg     + + +     Faith    .   F - +2 leather armour "Moeteygg" {rC- MR++ rCorr}
rPois    ∞         Spirit   .   g - +2 helmet
rElec    .         Reflect  .   z - +2 cloak {rPois}
rCorr    +         Harm     .   s - +2 pair of gloves
MR       ++++.                  E - +2 pair of boots
Stlth    +.........             J - amulet of magic regeneration
HPRegen  0.27/turn              r - ring of protection from fire
MPRegen  0.53/turn              l - ring of magical power

@: confused, very slightly contaminated, studying Ice Magic
A: no food or potions, fire vulnerability, cold resistance 1, negative energy
resistance 3, torment resistance, unbreathing, in touch with death 1
a: Potion Petition, Call Merchant, Bribe Branch, Renounce Religion


You were on level 2 of the Lair of Beasts.
You worshipped Gozag.
Gozag was most pleased with you.
You were not hungry.

You visited 6 branches of the dungeon, and saw 26 of its levels.
You visited 1 bazaar.
You also visited: Sewer, Ice Cave and Volcano.

You collected 8644 gold pieces.
You spent 5695 gold pieces at shops.
You paid 1373 gold pieces to Gozag.

Inventory:

Hand Weapons
 b - a +2 dagger of electrocution
 y - the +7 captain's cutlass (weapon) {speed, disarm}
   (You found it on level 5 of the Lair of Beasts)

   Attacks with this weapon are significantly faster.
 C - a +5 dagger of freezing
Missiles
 B - a throwing net (quivered)
Armour
 f - a +2 chain mail of cold resistance
 g - a +2 helmet (worn)
 q - a +0 robe of fire resistance
 s - a +2 pair of gloves (worn)
 u - the +2 shield of Resistance (worn) {rF+ rC+ MR+}
   (You bought it in a shop on level 1 of the Orcish Mines)

   It protects you from fire.
   It protects you from cold.
   It affects your resistance to hostile enchantments.
 z - a +2 cloak of poison resistance (worn)
 E - a +2 pair of boots (worn)
 F - the +2 leather armour "Moeteygg" (worn) {rC- MR++ rCorr}
   (You bought it in a shop on level 2 of the Orcish Mines)

   It makes you vulnerable to cold.
   It affects your resistance to hostile enchantments.
   It provides partial protection from all sources of acid and corrosion.
 K - a +3 ring mail
 M - a +2 robe of magic resistance
 O - a +1 pair of gloves of dexterity
 T - a +0 shield
 W - a +2 leather armour of fire resistance
Magical Staves
 N - an uncursed staff of cold
Jewellery
 j - the ring of Compulsion {rElec rC- Int+4 Dex-3 SInv}
   (You bought it in a shop on level 2 of the Orcish Mines)

   [ring of intelligence]

   It affects your intelligence (+4).
   It affects your dexterity (-3).
   It makes you vulnerable to cold.
   It insulates you from electricity.
   It lets you see invisible.
 k - a +5 ring of evasion
 l - a ring of magical power (right hand)
 r - a ring of protection from fire (left hand)
 A - an uncursed ring of protection from cold
 G - an uncursed ring of flight
 J - an amulet of magic regeneration (around neck)
Wands
 a - a wand of disintegration (32)
 o - a wand of iceblast (41)
 x - a wand of paralysis (13)
 I - a wand of random effects (13)
 L - a wand of flame (12)
 R - a wand of enslavement (5)
 S - a wand of acid (3)
 V - a wand of digging (9)
 Y - a wand of clouds (3)
Scrolls
 c - 3 scrolls of fog
 d - 7 scrolls of remove curse
 e - 5 scrolls of enchant armour
 h - 3 scrolls of immolation
 i - 4 scrolls of amnesia
 m - 3 scrolls of teleportation
 n - a scroll of torment
 p - a scroll of vulnerability
 v - a scroll of blinking
 w - 3 scrolls of enchant weapon
 D - 3 scrolls of noise
 H - 2 scrolls of fear
 X - a scroll of magic mapping
 Z - a scroll of identify
Books
 P - a manual of Ice Magic
 Q - a manual of Ice Magic
Miscellaneous
 U - a lamp of fire (inert)


   Skills:
 - Level 6.9 Fighting
 + Level 4.8 Short Blades
 - Level 7.1 Armour
 - Level 1.5 Dodging
 - Level 1.5 Stealth
 + Level 9.8 Shields
 - Level 14.0 Spellcasting
 - Level 11.1 Conjurations
 - Level 4.9 Necromancy
 - Level 2.1 Translocations
 - Level 10.1 Fire Magic
 - Level 5.7 Ice Magic
 - Level 1.0 Air Magic
 + Level 5.8 Poison Magic


You couldn't memorise any spells.
You knew the following spells:

 Your Spells              Type           Power        Failure   Level  Hunger
a - Flame Tongue          Conj/Fire      #####        1%          1    N/A
b - Conjure Flame         Conj/Fire      #####...     1%          3    N/A
c - Sticky Flame          Conj/Fire      #####...     1%          4    N/A
d - Fireball              Conj/Fire      #####.....   4%          5    N/A
e - Apportation           Tloc           ###...       6%          1    N/A
f - Poisonous Vapours     Pois/Air       ###...       5%          2    N/A
g - Olgreb's Toxic Radia  Pois           ####....     13%         4    N/A
h - Blink                 Tloc           N/A          9%          2    N/A
i - Vampiric Draining     Necr           #####.....   5%          3    N/A
j - Freezing Cloud        Conj/Ice/Air   ####......   88%         6    N/A
k - Ozocubu's Refrigerat  Ice            ####......   90%         6    N/A
l - Pain                  Necr           ####         1%          1    N/A
m - Throw Icicle          Conj/Ice       #####...     4%          4    N/A

Your spell library contained the following spells:

 Spells                   Type           Power        Failure   Level  Hunger
 Animate Skeleton         Necr           N/A          1%          1    N/A
 Freeze                   Ice            ####         1%          1    N/A
 Magic Dart               Conj           ####         1%          1    N/A
 Shock                    Conj/Air       ####         1%          1    N/A
 Sting                    Conj/Pois      ####         1%          1    N/A
 Throw Flame              Conj/Fire      #####.       1%          2    N/A
 Throw Frost              Conj/Ice       #####.       1%          2    N/A
 Mephitic Cloud           Conj/Pois/Air  ####....     3%          3    N/A
 Static Discharge         Conj/Air       ####....     3%          3    N/A
 Dazzling Spray           Conj/Hex       ####..       4%          3    N/A
 Inner Flame              Hex/Fire       ####....     5%          3    N/A
 Ensorcelled Hibernation  Hex/Ice        ###...       7%          2    N/A
 Venom Bolt               Conj/Pois      #####.....   12%         5    N/A
 Ozocubu's Armour         Chrm/Ice       ###.....     13%         3    N/A
 Confusing Touch          Hex            ##....       14%         1    N/A
 Corona                   Hex            ##.....      14%         1    N/A
 Summon Small Mammal      Summ           ##..         14%         1    N/A
 Swiftness                Chrm/Air       ##......     17%         2    N/A
 Animate Dead             Necr           N/A          19%         4    N/A
 Call Imp                 Summ           ##......     22%         2    N/A
 Slow                     Hex            ##......     22%         2    N/A
 Recall                   Summ/Tloc      N/A          26%         3    N/A
 Lightning Bolt           Conj/Air       ####......   32%         5    N/A
 Confuse                  Hex            ##......     38%         3    N/A
 Tukima's Dance           Hex            ##......     38%         3    N/A
 Summon Ice Beast         Ice/Summ       ###.....     41%         4    N/A
 Bolt of Cold             Conj/Ice       #####.....   54%         6    N/A
 Airstrike                Air            ##........   67%         4    N/A
 Metabolic Englaciation   Hex/Ice        ###.......   77%         5    N/A
 Summon Forest            Summ/Tloc      ##........   94%         5    N/A
 Simulacrum               Ice/Necr       #####.....   94%         6    N/A
 Aura of Abjuration       Summ           ##........   98%         5    N/A
 Summon Demon             Summ           ##........   98%         5    N/A
 Summon Mana Viper        Hex/Summ       ##......     98%         5    N/A
 Shadow Creatures         Summ           N/A          100%        6    N/A
 Regeneration             Chrm/Necr      Unusable     N/A         3    N/A
 Ice Form                 Ice/Tmut       Unusable     N/A         4    N/A

Dungeon Overview and Level Annotations

Branches:
Dungeon (15/15)            Temple (1/1) D:7            Lair (6/6) D:10
 Shoals (0/4) Lair:4       Spider (1/4) Lair:2        Slime (0/5) Lair:5
    Orc (2/2) D:11            Elf (1/3) Orc:2        Vaults (0/5) D:13
 Depths: D:15

Altars:
Ashenzari
Cheibriados
Dithmenos
Elyvilon
Fedhas
Gozag
Hepliaklqana
Kikubaaqudgha
Makhleb
Nemelex Xobeh
Okawaru
Qazlal
Ru
Sif Muna
Trog
Uskayaw
Vehumet
Wu Jian
Xom
Yredelemnul
Zin
The Shining One
Beogh

Shops:
D:8 ?   D:9 :   D:10 %   D:11 *   Orc:1 [*   Orc:2 [(=*

Annotations:
D:4 exclusion: downstairs
D:5 exclusion: downstairs
D:8 exclusion: 2 oklob plants
D:11 exclusion: downstairs
D:12 exclusion: downstairs
D:14 exclusion: downstairs
Lair:3 exclusion: downstairs
Lair:5 exclusion: downstairs
Orc:1 1 runed translucent door, exclusion: downstairs, misha's ghost, journeyman MfBe


Innate Abilities, Weirdness & Mutations

You do not eat or drink.
Your flesh is vulnerable to fire.
You are immune to poison.
Your flesh is cold resistant. (rC+)
You are immune to negative energy. (rN+++)
You are immune to unholy pain and torment.
You can survive without breathing.
You are in touch with the powers of death.


Message History

The tarantella is heavily wounded.
The tarantella looks more healthy.
The redback looks more healthy. x2
The tarantella closely misses you. The redback barely misses you.
The tarantella bites you but does no damage.
The redback bites you.
* * * LOW HITPOINT WARNING * * *
The wolf spider hits you!
* * * LOW HITPOINT WARNING * * *
The wolf spider barely misses you.
You hit the wolf spider.
The wolf spider is moderately wounded.
The tarantella misses you.
The redback bites you but does no damage.
The demonic crawler hits you but does no damage.
The demonic crawler hits you.
* * * LOW HITPOINT WARNING * * *
The demonic crawler hits you but does no damage.
The wolf spider hits you!
You die...
Your body crumbles into a pile of gold.

#.........#P####P##.#............
#.............................#..
#................................
##...............................
#..#..#####PP%................#..
..............P........#.##.P..#.
#..#..........#......P......#.###
##............#.ss...P...##.#.##.
##............Ps@s...#...#.⌠.##..
...P...........Pss......#........
...P###......P.......#..#⌠.<.....
......................###.....#..
........................##.⌠..#.#
...................##..####...##.
.......#...###..P..##### #.#.....
........#### ####.## ###..##.
........# #.## #.....


You could see a demonic crawler, a wolf spider, 2 tarantellas and 2 redbacks.

Vanquished Creatures
  Agnes (Elf:1)
  An orc warlord (Orc:2)
  A stone giant (Orc:1)
  A red draconian (Volcano)
  Snorg (Lair:6)
  2 ettins (Orc:1)
  A ragged hierophant (Elf:1)
  4 vault guards
  10 hydras
  A servant of whispers (Elf:1)
  A merfolk avatar (Lair:6)
  A catoblepas (Lair:3)
  3 two-headed ogres
  A centaur warrior (Volcano)
  2 death knights (D:14)
  Urug (Orc:2)
  2 orc high priests (Orc:2)
  Nergalle (Lair:4)
  3 deep elf knights
  A skeletal warrior (D:13)
  A sea snake (Lair:6)
  An unseen horror (D:13)
  3 deep elf archers (Elf:1)
  A phantasmal warrior (D:14)
  Pikel (D:6)
  13 deep elf magi
  A necromancer (IceCv)
  A lindwurm (Lair:5)
  An ugly thing (D:12)
  3 orc knights
  3 orc sorcerers (Orc:2)
  Maurice (D:13)
  2 wolf spiders (Lair:2)
  2 cyclopes
  12 elephants
  5 manticores
  Psyche (D:8)
  4 black mambas
  Joseph (D:8)
  3 gargoyles
  11 spiny frogs
  An ice statue (IceCv)
  8 rime drakes
  12 freezing wraiths
  12 komodo dragons
  2 yaktaurs (Volcano)
  2 wolf spider simulacra (IceCv)
  3 meliai (D:13)
  4 polar bears
  9 trolls
  A harpy skeleton (D:13)
  Prince Ribbit (D:8)
  A queen bee (D:13)
  9 blink frogs
  3 hornets (Lair:6)
  3 slime creatures
  10 hippogriffs
  A saltling (Elf:1)
  6 dream sheep (Lair:6)
  3 air elementals (Elf:1)
  2 wraiths (D:14)
  3 vampires
  2 wyverns
  30 yaks
  2 hungry ghosts
  A steam dragon (D:11)
  4 basilisks
  2 fire elementals (Elf:1)
  A death yak simulacrum (IceCv)
  4 insubstantial wisps (Lair:5)
  2 vampire mosquitoes (Lair:5)
  4 wargs
  14 water moccasins
  An acid dragon (D:11)
  10 porcupines
  A meliai simulacrum (D:14)
  A slave (D:6)
  3 black bears
  26 orc warriors
  13 ice beasts
  An eye of draining (D:12)
  2 phantoms
  2 sky beasts (D:11)
  4 wolves
  8 ogres
  14 centaurs
  20 crocodiles
  A big kobold (Sewer)
  12 bullfrogs
  An earth elemental (Elf:1)
  4 scorpions
  A wyvern skeleton (D:14)
  27 killer bees
  A swamp dragon simulacrum (IceCv)
  22 wights
  4 howler monkeys
  3 electric eels
  2 bullfrog zombies
  5 crimson imps
  5 draconian simulacra (IceCv)
  4 hounds
  A centaur zombie (D:5)
  18 jellies
  13 orc priests
  3 bullfrog skeletons
  4 centaur skeletons
  A worker ant (D:10)
  Ijyb (D:5)
  4 iguanas
  20 orc wizards
  A spriggan simulacrum (IceCv)
  3 troll simulacra (IceCv)
  A killer bee zombie (D:6)
  5 centaur simulacra
  A worker ant zombie (D:8)
  8 gnolls
  5 naga simulacra (IceCv)
  6 river rats (Sewer)
  22 adders
  2 ogre simulacra (IceCv)
  3 shadow imps
  26 white imps
  7 oozes
  An adder zombie (D:9)
  3 adder skeletons
  4 worms
  A dart slug (D:1)
  3 leopard geckos
  58 orcs
  3 giant cockroaches
  8 goblins
  6 hobgoblins
  7 jackals
  7 quokkas
  6 ball pythons
  5 bats
  4 frilled lizards
  A jackal zombie (D:9)
  23 kobolds
  2 quokka skeletons
  33 rats
  3 fungi
  3 plants
806 creatures vanquished.

Vanquished Creatures (collateral kills)
  A yaktaur (Volcano)
1 creature vanquished.

Vanquished Creatures (others)
  A dancing weapon (Elf:1)
  A saltling (Elf:1)
  A jackal (D:6)
  A fire vortex (Lair:3)
  14 fungi
  13 plants
31 creatures vanquished.

Grand Total: 838 creatures vanquished

Notes
Turn   | Place    | Note
-------+----------+-------------------------------------------
     0 | D:1      | Thud the Mummy Fire Elementalist began the quest for the
                  | Orb.
     0 | D:1      | Reached XP level 1. HP: 13/13 MP: 4/4
   292 | D:1      | Reached skill level 1 in Conjurations
   385 | D:1      | Reached XP level 2. HP: 19/19 MP: 5/5
   950 | D:1      | Reached skill level 3 in Spellcasting
  1313 | D:1      | Reached XP level 3. HP: 14/24 MP: 2/7
  1657 | D:2      | Learned a level 3 spell: Conjure Flame
  1852 | D:2      | Reached skill level 1 in Short Blades
  2011 | D:2      | Reached XP level 4. HP: 28/30 MP: 8/8
  2969 | D:2      | Reached skill level 1 in Armour
  3203 | D:3      | Reached XP level 5. HP: 31/35 MP: 3/10
  3262 | D:3      | Learned a level 4 spell: Sticky Flame
  3363 | D:3      | Noticed an ice beast
  3381 | D:3      | Killed an ice beast
  4281 | D:3      | Noticed a moth of wrath
  4284 | D:3      | Found a bloodstained altar of Trog.
  4615 | D:4      | Reached XP level 6. HP: 39/41 MP: 6/11
  4696 | D:4      | Found a glowing drain.
  4737 | Sewer    | Entered a sewer
  4835 | Sewer    | Reached skill level 4 in Spellcasting
  6593 | D:5      | Entered Level 5 of the Dungeon
  6786 | D:5      | Reached XP level 7. HP: 46/46 MP: 4/14
  7073 | D:5      | Reached skill level 5 in Spellcasting
  7219 | D:5      | Noticed Ijyb
  7219 | D:5      | Paralysed by Ijyb for 3 turns
  7228 | D:5      | Killed Ijyb
  7734 | D:6      | Found a hide-covered altar of Uskayaw.
  7734 | D:6      | Noticed a +0 hand axe
  7734 | D:6      | Noticed a +0 dagger
  7923 | D:6      | Noticed Pikel
  8278 | D:6      | Killed Pikel
  8278 | D:6      | Reached skill level 6 in Spellcasting
  8278 | D:6      | Reached XP level 8. HP: 47/52 MP: 3/17
  8658 | D:6      | Reached skill level 5 in Conjurations
  9278 | D:6      | Got a crystal short sword
  9883 | D:7      | Found a staircase to the Ecumenical Temple.
  9890 | Temple   | Entered the Ecumenical Temple
 10205 | D:7      | Found a glowing golden altar of the Shining One.
 10210 | D:7      | Found a shimmering altar of Xom.
 10210 | D:7      | Found an opulent altar of Gozag.
 10227 | D:7      | Became a worshipper of Gozag Ym Sagoz the Greedy
 10247 | D:7      | Found a basalt altar of Yredelemnul.
 10251 | D:7      | Found a sparkling altar of Nemelex Xobeh.
 10349 | D:8      | Reached skill level 7 in Spellcasting
 10349 | D:8      | Reached XP level 9. HP: 57/57 MP: 16/19
 10625 | D:8      | Reached skill level 5 in Fire Magic
 10942 | D:8      | Noticed Joseph
 10949 | D:8      | Killed Joseph
 11081 | D:8      | Found Houcol's Magic Scroll Emporium.
 11123 | D:8      | Bought a scroll of identify for 30 gold pieces
 11233 | D:8      | Noticed Prince Ribbit
 11239 | D:8      | Killed Prince Ribbit
 11239 | D:8      | Reached skill level 8 in Spellcasting
 11265 | D:8      | HP: 2/57 [centaur (8)]
 11622 | D:8      | Noticed Psyche
 11626 | D:8      | Killed Psyche
 11773 | D:8      | Found a blossoming altar of Fedhas.
 11777 | D:8      | Noticed an oklob plant
 11777 | D:8      | Noticed an oklob plant
 12330 | D:8      | Learned a level 5 spell: Fireball
 12702 | D:8      | Reached XP level 10. HP: 13/63 MP: 22/22
 13509 | D:9      | Reached skill level 9 in Spellcasting
 14022 | D:9      | Found Vaunwup's Book Boutique.
 14059 | D:9      | Learned a level 1 spell: Apportation
 14424 | D:9      | Bought a Young Poisoner's Handbook for 440 gold pieces
 14427 | D:9      | Learned a level 2 spell: Poisonous Vapours
 14432 | D:9      | Learned a level 4 spell: Olgreb's Toxic Radiance
 14488 | D:10     | Entered Level 10 of the Dungeon
 14790 | D:9      | Reached skill level 1 in Poison Magic
 14812 | D:10     | Found a staircase to the Lair.
 15181 | D:10     | You fall through a shaft for 3 floors!
 15209 | D:12     | Noticed a manticore
 15215 | D:12     | Killed a manticore
 15522 | D:12     | Noticed a deep elf mage
 15537 | D:12     | Killed a deep elf mage
 15612 | D:12     | Noticed a cyclops
 15621 | D:12     | Killed a cyclops
 15738 | D:11     | Found a staircase to the Orcish Mines.
 15813 | D:10     | Reached XP level 11. HP: 66/68 MP: 24/24
 15882 | D:10     | Reached skill level 10 in Spellcasting
 16104 | D:10     | Found Odaxtiph's Food Boutique.
 16572 | D:11     | Noticed a four-headed hydra
 16582 | D:11     | Killed a four-headed hydra
 16748 | D:11     | Reached skill level 1 in Fighting
 17518 | D:11     | Reached skill level 1 in Air Magic
 17633 | D:11     | Found Ydots's General Store.
 17709 | D:11     | Noticed an eight-headed hydra
 17719 | D:11     | Killed an eight-headed hydra
 18998 | D:12     | Noticed a white ugly thing
 19006 | D:12     | Killed a white ugly thing
 19979 | D:12     | Reached skill level 11 in Spellcasting
 20532 | D:9      | Bought a book of Minor Magic for 220 gold pieces
 20535 | D:9      | Learned a level 2 spell: Blink
 20535 | D:9      | Bought a book of Necromancy for 330 gold pieces
 20540 | D:9      | Learned a level 3 spell: Vampiric Draining
 20972 | D:12     | Reached XP level 12. HP: 81/81 MP: 12/27
 21595 | D:13     | Noticed Maurice
 21601 | D:13     | Reached skill level 1 in Necromancy
 21632 | D:13     | Killed Maurice
 21713 | D:13     | Reached skill level 1 in Translocations
 21911 | D:13     | Noticed a two-headed ogre
 21917 | D:13     | Killed a two-headed ogre
 22447 | D:13     | Found a gate to the Vaults.
 22447 | D:13     | Noticed a vault guard
 22447 | D:13     | Noticed a vault guard
 22447 | D:13     | Noticed a vault guard
 22447 | D:13     | Noticed a two-headed ogre
 22453 | D:13     | Killed a two-headed ogre
 22453 | D:13     | Noticed a vault guard
 22470 | D:13     | Reached skill level 10 in Conjurations
 22491 | D:12     | Killed a vault guard
 22697 | D:13     | Reached skill level 5 in Poison Magic
 22841 | D:13     | Reached skill level 12 in Spellcasting
 22860 | D:13     | Killed a vault guard
 23061 | D:13     | Killed a vault guard
 23326 | D:13     | Killed a vault guard
 23756 | D:14     | Noticed a death knight
 23932 | D:14     | Found a frozen archway.
 23965 | IceCv    | Entered an ice cave
 24115 | IceCv    | Gained mutation: You are in touch with the powers of death.
                  | [Mummy growth]
 24115 | IceCv    | Reached XP level 13. HP: 90/90 MP: 20/29
 24746 | IceCv    | Reached skill level 5 in Fighting
 24848 | IceCv    | Found an ancient bone altar of Kikubaaqudgha.
 25514 | D:9      | Bought a book of Ice for 715 gold pieces
 25630 | D:14     | Learned a level 6 spell: Freezing Cloud
 25637 | D:14     | Learned a level 6 spell: Ozocubu's Refrigeration
 25895 | D:14     | Reached skill level 1 in Ice Magic
 27148 | D:15     | Entered Level 15 of the Dungeon
 27319 | Lair:1   | Entered Level 1 of the Lair of Beasts
 27736 | Lair:1   | Reached skill level 5 in Armour
 27973 | Lair:1   | Reached skill level 13 in Spellcasting
 29088 | Lair:2   | Identified a scroll of acquirement
 29544 | Lair:2   | Found a hole to the Spider Nest.
 30927 | Lair:3   | Reached skill level 1 in Shields
 30969 | Lair:3   | Reached XP level 14. HP: 80/100 MP: 5/31
 31102 | Lair:3   | Found a dark tunnel.
 31119 | Volcano  | Entered a volcano
 31168 | Volcano  | Learned a level 1 spell: Pain
 33831 | Lair:4   | Reached skill level 5 in Shields
 34332 | Lair:4   | Noticed Nergalle
 34338 | Lair:4   | Killed Nergalle
 34917 | D:9      | Bought a book of Air for 385 gold pieces
 35095 | Lair:4   | Found a staircase to the Shoals.
 36473 | Lair:5   | Found the +7 captain's cutlass {speed, disarm}
 37296 | Lair:5   | Found a staircase to the Slime Pits.
 37769 | Lair:6   | Entered Level 6 of the Lair of Beasts
 38448 | Lair:6   | Reached skill level 10 in Fire Magic
 39892 | Lair:6   | Noticed Snorg
 39904 | Lair:6   | Reached XP level 15. HP: 87/106 MP: 1/32
 40352 | Lair:6   | Killed Snorg
 40780 | Orc:1    | Entered Level 1 of the Orcish Mines
 40866 | Orc:1    | Found Umpu's General Store.
 40939 | Orc:1    | Bought a scroll of enchant weapon for 105 gold pieces
 40939 | Orc:1    | Bought a scroll of teleportation for 42 gold pieces
 41012 | Orc:2    | Entered Level 2 of the Orcish Mines
 41012 | Orc:2    | Found Gadal's General Store.
 41628 | Orc:2    | Noticed Urug
 42435 | Orc:1    | Found a runed translucent door.
 42435 | Orc:1    | Found a shimmering altar of Xom.
 42435 | Orc:1    | Noticed misha's ghost (journeyman MfBe)
 42514 | Orc:2    | Killed Urug
 43245 | Orc:2    | Bought a scroll of fog for 32 gold pieces
 43327 | Orc:2    | Found a roughly hewn altar of Beogh.
 43338 | Orc:2    | Found a staircase to the Elven Halls.
 43411 | Orc:2    | Found Odiapt's Jewellery Boutique.
 43419 | Orc:2    | Bought the ring of Compulsion {rElec rC- Int+4 Dex-3 SInv}
                  | for 319 gold pieces
 43419 | Orc:2    | Bought a +5 ring of evasion for 550 gold pieces
 43509 | Orc:2    | Noticed an orc warlord
 43537 | Orc:2    | Killed an orc warlord
 43673 | Orc:2    | Reached skill level 14 in Spellcasting
 43793 | Orc:2    | Found Ywozat Ywebb's Antique Weapon Emporium.
 43924 | Orc:2    | Found Kehureti's Antique Armour Shop.
 43942 | Orc:2    | Bought a spiked leather armour for 217 gold pieces
 43942 | Orc:2    | Bought a ripped robe for 176 gold pieces
 43942 | Orc:2    | Identified the +2 leather armour "Moeteygg" {rC- MR++
                  | rCorr} (You bought it in a shop on level 2 of the Orcish
                  | Mines)
 43943 | Orc:2    | Identified the cursed +0 robe "Sonyh" {Int+3} (You bought
                  | it in a shop on level 2 of the Orcish Mines)
 44168 | Orc:1    | Bought the +2 shield of Resistance {rF+ rC+ MR+} for 1479
                  | gold pieces
 44168 | Orc:1    | Found the +2 shield of Resistance {rF+ rC+ MR+}
 44168 | Orc:1    | Bought an embroidered cloak for 270 gold pieces
 44286 | Spider:1 | Entered Level 1 of the Spider Nest
 44528 | Elf:1    | Entered Level 1 of the Elven Halls
 45325 | Elf:1    | Found a flickering gateway to a bazaar.
 45331 | Bazaar   | Entered a bazaar
 45333 | Bazaar   | Found Bamuwein's Food Boutique.
 45337 | Bazaar   | Found Etiem's Antique Weapon Boutique.
 45337 | Bazaar   | Found Opitenag's Armour Boutique.
 45338 | Bazaar   | Found Lickoinui's Gadget Boutique.
 46190 | D:9      | Bought a book of Frost for 385 gold pieces
 46195 | D:9      | Learned a level 4 spell: Throw Icicle
 46603 | Elf:1    | Noticed Agnes
 46617 | Elf:1    | Killed Agnes
 46617 | Elf:1    | Reached skill level 5 in Ice Magic
 47227 | Lair:2   | Mangled by a wolf spider

Skill      XL: |  1  2  3  4  5  6  7  8  9 10 11 12 13 14 15 |
---------------+----------------------------------------------+-----
Conjurations   | 1 2 3 4 5 7 8 9 10 11 | 11.1
Spellcasting   | 3 4 6 7 8 9 11 12 13 14 | 14.0
Fire Magic     | 3 4 5 7 8 9 10 | 10.1
Short Blades   | 1 2 3 4 |  4.8
Armour         | 1 2 3 4 5 7 |  7.1
Poison Magic   | 2 3 5 |  5.8
Fighting       | 3 4 6 |  6.9
Air Magic      | 1 |  1.0
Necromancy     | 3 4 |  4.9
Translocations | 2 |  2.1
Ice Magic      | 3 5 |  5.7
Shields        | 1 8 9 |  9.8
Dodging        | |  1.5
Stealth        | |  1.5

Action                   |  1- 3 |  4- 6 |  7- 9 | 10-12 | 13-15 || total
-------------------------+-------+-------+-------+-------+-------++-------
Melee: Dagger            |    59 |    79 |    70 |   168 |    94 ||   470
       Cutlass           |       |       |       |       |   116 ||   116
Throw: Tomahawk          |       |       |       |       |     1 ||     1
 Cast: Flame Tongue      |    42 |   160 |   203 |   329 |   271 ||  1005
       Conjure Flame     |       |     2 |    19 |    38 |    53 ||   112
       Sticky Flame      |       |       |    11 |    45 |   111 ||   167
       Fireball          |       |       |       |   107 |   411 ||   518
       Poisonous Vapours |       |       |       |    50 |    88 ||   138
       Olgreb's Toxic Ra |       |       |       |    20 |    63 ||    83
       Blink             |       |       |       |     2 |    29 ||    31
       Pain              |       |       |       |       |     2 ||     2
       Vampiric Draining |       |       |       |       |     1 ||     1
       Throw Icicle      |       |       |       |       |     3 ||     3
Invok: Potion Petition   |       |       |       |       |     3 ||     3
       Call Merchant     |       |       |       |       |     1 ||     1
 Abil: Evoke Flight      |       |       |       |       |     1 ||     1
Evoke: Wand              |       |       |     3 |       |     8 ||    11
       Box of beasts     |       |       |       |       |     2 ||     2
       Lamp of fire      |       |       |       |       |     1 ||     1
  Use: Scroll            |       |       |     9 |     8 |    19 ||    36
 Stab: Sleeping          |     1 |     1 |     2 |     1 |       ||     5
       Distracted        |       |     1 |       |       |     1 ||     2
       Petrified         |       |       |       |       |     1 ||     1
Armor: Robe              |    20 |       |    13 |   117 |     4 ||   154
       Leather armour    |     3 |    27 |       |       |    63 ||    93
       Ring mail         |       |       |       |       |   141 ||   141
Dodge: Dodged            |    55 |    82 |    75 |   186 |   175 ||   573
Block: Shield            |       |       |       |       |   159 ||   159
